 Dungeon Crawl Stone Soup version 0.29-a0-821-g66395355a5 (webtiles) character file.

Game seed: 17560960631435892687

16566 IdlyInterested the Basher (level 12, -3/88 HPs)
             Began as a Demonspawn Fighter on July 7, 2022.
             Slain by zhov's ghost (15 damage)
             ... on level 2 of the Lair of Beasts.
             The game lasted 00:31:18 (10443 turns).

IdlyInterested the Basher (Demonspawn Fighter)     Turns: 10443, Time: 00:31:19

Health: -3/88      AC: 10    Str: 27    XL:     12   Next: 11%
Magic:  12/12      EV: 15    Int: 13    God:
Gold:   112        SH:  7    Dex: 19    Spells: 11/11 levels left

rFire   + . .      SeeInvis +   l - +5 flail "Furuup" {flame, Fragile Fly rCorr Int+3}
rCold   + + +      Faith    .   c - +1 buckler
rNeg    . . .      Spirit   .   Q - +4 skin of Zhor {*Englaciate rC+++ SInv}
rPois   .          Reflect  .   n - +0 helmet
rElec   .          Harm     .   e - scarf {rC+ rF+}
rCorr   +          Rampage  .   u - +1 pair of gloves
Will    .....                   (no boots)
Stlth   ++........              p - amulet of the acrobat
HPRegen 0.24/turn               K - +6 ring of strength
MPRegen 0.13/turn               F - +6 ring of dexterity

@: flying
A: hooves 2, demonic guardian 2, spiny 3
a: no special abilities


You were on level 2 of the Lair of Beasts.
You visited 3 branches of the dungeon, and saw 11 of its levels.

You collected 720 gold pieces.
You spent 608 gold pieces at shops.

Inventory:

Hand Weapons
 l - the +5 flail "Furuup" (weapon) {flame, Fragile Fly rCorr Int+3}
   (You found it on level 3 of the Dungeon)

   It burns those it strikes, dealing additional fire damage.
   Int:       It affects your intelligence (+3).
   Fly:       It grants you flight.
   rCorr:     It protects you from acid and corrosion.
   Fragile:   It will be destroyed if unequipped.
 v - a +2 mace of protection
 O - a +5 flail
Missiles
 j - 10 poisoned darts
 r - 3 boomerangs (quivered)
 B - 3 throwing nets
 P - 5 curare-tipped darts
Armour
 c - a +1 buckler (worn)
 e - a scarf of resistance (worn)
 g - a +0 plate armour
 n - a +0 helmet (worn)
 s - a +0 cloak
 u - a +1 pair of gloves (worn)
 H - a +2 robe of positive energy
 Q - the +4 skin of Zhor (worn) {*Englaciate rC+++ SInv}
   (You found it on level 1 of the Lair of Beasts)

   It radiates cold, occasionally slowing all nearby creatures who are not
   resistant to cold.
   rC:        It renders you almost immune to cold.
   SInv:      It lets you see invisible.
Jewellery
 d - a ring of willpower
 i - a ring of ice
 o - a ring of positive energy
 p - an amulet of the acrobat (around neck)
 F - a +6 ring of dexterity (right hand)
 G - a +6 ring of intelligence
 K - a +6 ring of strength (left hand)
 R - a ring of ice
Wands
 b - a wand of polymorph (7)
 w - a wand of roots (18)
 x - a wand of paralysis (16)
 y - a wand of digging (5)
 I - a wand of quicksilver (29)
Scrolls
 h - 7 scrolls of enchant armour
 k - 3 scrolls of magic mapping
 t - 4 scrolls of teleportation
 z - 4 scrolls of blinking
 A - 4 scrolls of fear
 J - 2 scrolls of amnesia
 L - 5 scrolls of immolation
 N - 4 scrolls of identify
Potions
 a - a potion of invisibility
 f - 4 potions of curing
 m - 2 potions of mutation
 q - 3 potions of lignification
 C - a potion of magic
 D - a potion of attraction
 E - 4 potions of flight


   Skills:
 - Level 6.0 Fighting
 * Level 12.2 Maces & Flails
 + Level 6.1 Armour
 - Level 6.0 Dodging
 + Level 6.9 Shields
 + Level 8.5 Evocations


You had 11 spell levels left.
You didn't know any spells.
Your spell library contained the following spells:

 Spells                   Type           Power      Damage    Failure   Level
 Slow                     Hex            0%         N/A       36%         1
 Call Canine Familiar     Summ           0%         N/A       75%         3
 Confusing Touch          Hex            0%         N/A       75%         3
 Conjure Flame            Conj/Fire      0%         6-21      75%         3
 Ignite Poison            Fire/Tmut/Pois 0%         N/A       75%         3
 Inner Flame              Hex/Fire       0%         N/A       75%         3
 Portal Projectile        Hex/Tloc       0%         N/A       75%         3
 Leda's Liquefaction      Hex/Erth       0%         N/A       98%         4
 Passage of Golubria      Tloc           0%         N/A       98%         4
 Sticky Flame             Conj/Fire      0%         2d3       98%         4
 Silence                  Hex/Air        0%         N/A       100%        5
 Enfeeble                 Hex            0%         N/A       100%        7
 Lehudib's Crystal Spear  Conj/Erth      0%         10d2      100%        8


Dungeon Overview and Level Annotations

Branches:
Dungeon (8/15)             Temple (1/1) D:7            Lair (2/6) D:8
 Spider (0/4) Lair:2
  Swamp: Lair:2-4    Shoals: Lair:2-4

Altars:
Ashenzari
Cheibriados
Dithmenos
Fedhas
Gozag
Hepliaklqana
Kikubaaqudgha
Makhleb
Nemelex Xobeh
Okawaru
Qazlal
Ru
Sif Muna
Trog
Uskayaw
Vehumet
Wu Jian
Xom

Shops:
D:2 ?   D:6 !   D:7 *

Portals:
Abyss: Lair:2

Annotations:
D:6 1 runed translucent door
Lair:2 1 transporter, zhov's ghost, journeyman DsHu


Innate Abilities, Weirdness & Mutations

You have hoof-like feet.
A demonic guardian rushes to your aid.
You are completely covered in sharp spines.


Message History

You feel resistant to extremes of temperature.
You feel much better.
You radiate an aura of cold.
The spriggan seems to slow down.
Zhov's ghost is unaffected.
Your sixfirhy seems to slow down.
Your sixfirhy completely misses zhov's ghost.
Your sixfirhy hits zhov's ghost but does no damage.
As you read the scroll of fear, it crumbles to dust.
You assume a fearsome visage.
The spriggan looks frightened!
Zhov's ghost is unaffected.
Your sixfirhy hits zhov's ghost but does no damage.
Zhov's ghost hits you!
* * * LOW HITPOINT WARNING * * *
Your sixfirhy hits zhov's ghost.
Your sixfirhy shocks zhov's ghost!
You sock zhov's ghost! You burn zhov's ghost. Your kick misses zhov's ghost.
Zhov's ghost is moderately damaged.
Your sixfirhy closely misses zhov's ghost.
Zhov's ghost is struck by your spines.
Zhov's ghost hits you but does no damage.
You hit zhov's ghost. You burn zhov's ghost. You kick zhov's ghost.
Zhov's ghost is heavily damaged.
You miss zhov's ghost.
You kick zhov's ghost, but do no damage.
Zhov's ghost is heavily damaged.
You radiate an aura of cold.
Zhov's ghost is unaffected.
Your sixfirhy seems to slow down.
The spriggan resists.
Zhov's ghost hits you but does no damage.
You barely miss zhov's ghost.
Zhov's ghost is moderately damaged.
You feel yourself slow down.
You hit zhov's ghost but do no damage. Your kick misses zhov's ghost.
Zhov's ghost is moderately damaged.
The spriggan is no longer moving slowly.
Zhov's ghost barely misses you.
The spriggan gives up.
You hit zhov's ghost. You burn zhov's ghost.
Zhov's ghost is heavily damaged.
The large abomination hits your sixfirhy!!
Zhov's ghost hits you!
You die...

....###P####......©####....###...
....P#### ##....####..##..##.#...
...### #P...##.....§#..#..#...
..## #....#..#i.§##..##.##.. ..#
##...##...###...##.:#.. ..#
#....##.†#....##.###.. ..#
##...##..##.### . ##.. .##
##..##....### #.###... .##
#...#@.##.....#.#©.... #.##
##..##W..##...#.##.... ...######
###...##3.##.©..#.##...
##..##.P###.#....#X##.####.#X##..
###........#....##.. ##..#.#.X#..
..#.............#W.###...###?##..
.....##.##......####.......###...
.....####........................
.....# ##........................


You could see a large abomination (ally target), a spriggan (fleeing), zhov's
ghost and a friendly sixfirhy (summoned, slow).

Vanquished Creatures
  Harold (Lair:1)
  Erica (Lair:1)
  Sonja (Lair:1)
  A hell hog (Lair:2)
  A sun demon (Lair:2)
  Amaemon (Lair:2)
  An elephant (D:8)
  Maurice (D:8)
  An orange demon (Lair:2)
  A rust devil (Lair:2)
  2 cane toads
  A torpor snail (Lair:1)
  An apocalypse crab (Lair:2)
  A gargoyle (D:5)
  6 rime drakes (Lair:1)
  3 komodo dragons
  Grinder (D:6)
  Sigmund (D:6)
  3 wyverns
  5 yaks (Lair:2)
  Eustachio (D:5)
  2 basilisks
  3 redbacks (Lair:2)
  A vampire mosquito (D:6)
  Duvessa (D:7)
  8 water moccasins
  3 sky beasts
  A black bear (D:8)
  3 ogres
  3 wolves (Lair:1)
  The ghost of Brotato the Sneak, an amateur OpBr (D:3)
  A phantom (D:6)
  Blork the orc (D:4)
  2 kobold brigands (D:8)
  2 bullfrogs
  12 scorpions
  2 necrophages
  11 wights (D:8)
  A killer bee (D:6)
  5 hounds
  3 jellies
  4 orc priests
  2 gnoll boudas
  An iguana (D:4)
  5 orc wizards
  12 gnolls
  8 adders
  A white imp (D:8)
  2 worms
  A dart slug (D:2)
  19 orcs
  4 bats
  5 endoplasms
  9 giant cockroaches
  10 goblins
  5 hobgoblins
  4 jackals (D:2)
  A quokka (D:2)
  6 ball pythons
  A frilled lizard (D:1)
  19 kobolds
  6 rats
226 creatures vanquished.

Vanquished Creatures (collateral kills)
  Fannar (Lair:2)
  A merfolk (shapeshifter) (Lair:2)
  A yak (Lair:2)
  A water moccasin (Lair:2)
  Dowan (D:7)
  A kobold (D:8)
6 creatures vanquished.

Vanquished Creatures (others)
  2 demonic plants (D:2)
  4 fungi
  2 withered plants (D:3)
8 creatures vanquished.

Grand Total: 240 creatures vanquished

Notes
Turn   | Place    | Note
-------+----------+-------------------------------------------
     0 | D:1      | IdlyInterested the Demonspawn Fighter began the quest for
                  | the Orb.
     0 | D:1      | Reached XP level 1. HP: 18/18 MP: 1/1
   257 | D:1      | Reached skill level 2 in Maces & Flails
   434 | D:1      | Gained mutation: You are partially covered in sharp spines.
                  | [demonic ancestry]
   434 | D:1      | Reached XP level 2. HP: 24/24 MP: 2/2
   781 | D:2      | Reached XP level 3. HP: 19/29 MP: 3/3
  1058 | D:2      | Reached skill level 3 in Maces & Flails
  1091 | D:2      | Found a faded altar of an unknown god.
  1239 | D:2      | Reached skill level 1 in Dodging
  1239 | D:2      | Found Ceulaol's Magic Scroll Shoppe.
  1505 | D:2      | Bought 2 scrolls of identify for 56 gold pieces
  1506 | D:2      | Bought a scroll of magic mapping for 49 gold pieces
  1629 | D:3      | Gained mutation: You are mostly covered in sharp spines.
                  | [demonic ancestry]
  1629 | D:3      | Reached XP level 4. HP: 35/35 MP: 4/4
  1956 | D:3      | Found a runed translucent door.
  1960 | D:3      | Noticed Brotato's ghost (amateur OpBr)
  1979 | D:3      | Identified the +5 flail "Furuup" {flame, Fragile Fly rCorr
                  | Int+3}
  2224 | D:3      | Killed Brotato's ghost
  2225 | D:3      | Reached skill level 4 in Maces & Flails
  2225 | D:3      | Gained mutation: You have large cloven feet. [demonic
                  | ancestry]
  2225 | D:3      | Reached XP level 5. HP: 41/41 MP: 5/5
  2789 | D:4      | Gained mutation: You have hoof-like feet. [demonic
                  | ancestry]
  2789 | D:4      | Reached XP level 6. HP: 47/47 MP: 6/6
  3130 | D:4      | Reached skill level 5 in Maces & Flails
  3294 | D:4      | Noticed Blork the orc
  3302 | D:4      | Killed Blork the orc
  3710 | D:2      | Bought a scroll of blinking for 105 gold pieces
  3813 | D:5      | Entered Level 5 of the Dungeon
  3831 | D:5      | Gained mutation: You are completely covered in sharp
                  | spines. [demonic ancestry]
  3831 | D:5      | Reached XP level 7. HP: 51/52 MP: 7/7
  3882 | D:5      | Reached skill level 1 in Evocations
  4188 | D:5      | Noticed a gargoyle
  4201 | D:5      | Killed a gargoyle
  4202 | D:5      | Reached skill level 6 in Maces & Flails
  4202 | D:5      | Gained mutation: A weak demonic guardian rushes to your
                  | aid. [demonic ancestry]
  4202 | D:5      | Reached XP level 8. HP: 14/58 MP: 8/8
  4440 | D:5      | Noticed Eustachio
  4459 | D:5      | Killed Eustachio
  4731 | D:6      | Noticed Grinder
  4742 | D:6      | Killed Grinder
  4747 | D:6      | Reached skill level 7 in Maces & Flails
  4797 | D:6      | Noticed Sigmund
  4803 | D:6      | Killed Sigmund
  4823 | D:6      | Found a runed translucent door.
  4826 | D:6      | Found a runed translucent door.
  4869 | D:6      | Found an opulent altar of Gozag.
  5202 | D:6      | Found Ruadwy's Distillery.
  5244 | D:6      | Gained mutation: A demonic guardian rushes to your aid.
                  | [demonic ancestry]
  5244 | D:6      | Reached XP level 9. HP: 65/65 MP: 9/9
  5525 | D:2      | Bought a scroll of identify for 28 gold pieces
  5624 | D:6      | Bought a potion of attraction for 45 gold pieces
  5624 | D:6      | Bought a potion of flight for 45 gold pieces
  5666 | D:6      | Reached skill level 8 in Maces & Flails
  5693 | D:6      | Reached skill level 5 in Shields
  6043 | D:7      | Found a staircase to the Ecumenical Temple.
  6062 | Temple   | Entered the Ecumenical Temple
  6256 | D:7      | Found Woorgharai's General Store.
  6269 | D:7      | Reached skill level 5 in Evocations
  6311 | D:7      | Noticed Duvessa
  6314 | D:7      | Noticed Dowan
  6317 | D:7      | Killed Duvessa
  6320 | D:7      | Killed Dowan
  6532 | D:7      | Reached skill level 9 in Maces & Flails
  6532 | D:7      | Reached skill level 5 in Armour
  6617 | D:7      | Bought a scroll of immolation for 35 gold pieces
  6617 | D:7      | Bought a potion of heal wounds for 50 gold pieces
  6785 | D:8      | Noticed Maurice
  6792 | D:8      | Killed Maurice
  6793 | D:8      | Reached skill level 5 in Fighting
  6793 | D:8      | Reached XP level 10. HP: 67/74 MP: 10/10
  7022 | D:8      | Noticed an elephant
  7023 | D:8      | Found a staircase to the Lair.
  7037 | D:8      | Killed an elephant
  7386 | D:8      | Found a shadowy altar of Dithmenos.
  7507 | D:6      | Bought a potion of heal wounds for 75 gold pieces
  7552 | Lair:1   | Entered Level 1 of the Lair of Beasts
  7560 | Lair:1   | Noticed Harold
  7571 | Lair:1   | Killed Harold
  7572 | Lair:1   | Reached skill level 10 in Maces & Flails
  7572 | Lair:1   | Reached skill level 5 in Dodging
  7739 | Lair:1   | Noticed Sonja
  7744 | Lair:1   | Noticed Erica
  7744 | Lair:1   | Found the +4 skin of Zhor {*Englaciate rC+++ SInv}
  7746 | Lair:1   | Noticed a torpor snail
  7749 | Lair:1   | Killed Sonja
  7751 | Lair:1   | Killed Erica
  8038 | Lair:1   | Noticed a cane toad
  8046 | Lair:1   | Killed a cane toad
  8047 | Lair:1   | Reached XP level 11. HP: 60/79 MP: 11/11
  8267 | Lair:1   | Reached skill level 11 in Maces & Flails
  8954 | D:6      | Bought a potion of invisibility for 120 gold pieces
  9051 | Lair:2   | Found a one-way gate to the infinite horrors of the Abyss.
  9051 | Lair:2   | Noticed zhov's ghost (journeyman DsHu)
  9054 | Lair:2   | Found a transporter.
  9064 | Lair:2   | Noticed a hell hog
  9158 | Lair:2   | Found a hole to the Spider Nest.
  9360 | Lair:2   | Noticed Fannar
  9385 | Lair:2   | Killed Fannar
  9596 | Lair:2   | Noticed Amaemon
  9605 | Lair:2   | Killed Amaemon
  9908 | Lair:2   | Got Sif Muna's Tractate on Enchantment and Embers
  9969 | Lair:2   | Noticed a death drake
  9990 | Lair:2   | Noticed a sun demon
 10011 | Lair:2   | Found a transporter.
 10056 | Lair:2   | Reached skill level 12 in Maces & Flails
 10396 | Lair:2   | Killed a hell hog
 10405 | Lair:2   | Killed a sun demon
 10406 | Lair:2   | Reached XP level 12. HP: 17/88 MP: 12/12
 10435 | Lair:2   | HP: 4/88 [spriggan/+3 rapier of distortion (2)]
 10443 | Lair:2   | Slain by zhov's ghost

Illustrated notes

Levels and vault maps discovered:
D:1:      lightli_arrival_isolated_outpost, layout_basic, minmay_unequal
D:2:      layout_rooms, serial_shops, nicolae_shop_trees,
          dreamdust_ecumenical_altar_sealed_demon
D:3:      minmay_wonky_spiral, layout_loops_ring, gammafunk_ghost_grave
D:4:      layout_layer_cave, eino_curves_04, uniq_blork_the_orc
D:5:      layout_rooms, uniq_eustachio
D:6:      lemuel_insect_pit, layout_rooms, nicolae_overflow_crystal_walls,
          serial_shops, shop, kennysheep_nub, uniq_grinder, uniq_sigmund
D:7:      layout_gridville, minmay_temple_entry_trees, serial_shops,
          nicolae_shop_behind_doors, uniq_duvessa
D:8:      layout_loops_cross, nicolae_elyvilon_temple_path, lemuel_doored_altar,
          david_lair_generic, uniq_maurice
Temple:   compressed_dpeg_circular_temple
Lair:1:   layout_roguey, hellmonk_guarded_unrand_zhor, uniq_harold, uniq_erica,
          uniq_sonja
Lair:2:   layout_cave_pods, spider_nest_entry_webs,
          gammafunk_ghost_abyssal_escape, infiniplex_staircase_pool,
          uniq_amaemon, uniq_fannar

Skill      XL: |  1  2  3  4  5  6  7  8  9 10 11 |
---------------+----------------------------------+-----
Maces & Flails | 2 3 4 5 6 7 9 10 12 | 12.2
Armour         | 3 4 5 6 |  6.1
Dodging        | 1 2 3 4 5 6 |  6.0
Shields        | 3 4 5 6 |  6.9
Evocations     | 2 3 5 7 8 |  8.5
Fighting       | 4 5 6 |  6.0

Action                   |  1- 3 |  4- 6 |  7- 9 | 10-12 || total
-------------------------+-------+-------+-------+-------++-------
Melee: Flail             |    87 |    74 |   156 |   207 ||   524
       Kick              |       |     9 |    41 |    79 ||   129
Throw: Boomerang         |       |       |       |     2 ||     2
Evoke: Wand              |       |       |       |     1 ||     1
  Use: Scroll            |     9 |     4 |     2 |     2 ||    17
       Potion            |     2 |       |     3 |     6 ||    11
 Stab: Distracted        |       |       |       |     2 ||     2
Armor: Scale mail        |    45 |     2 |       |       ||    47
       Plate armour      |       |    32 |    53 |    35 ||   120
       Animal skin       |       |       |       |    27 ||    27
Dodge: Dodged            |    37 |    21 |    61 |    60 ||   179
Block: Buckler           |    32 |    20 |    59 |    57 ||   168

Table legend: (Time is in decaauts)
 A = Elapsed time spent in this place.
 B = Non-inter-level travel time spent in this place.
 C = Inter-level travel time spent in this place.
 D = Time resting spent in this place.
 E = Time spent auto-exploring this place.
 F = Levels seen in this place.
 G = Mean time per level.
                   A        B        C        D        E       F      G
               +--------+--------+--------+--------+--------+-----+--------+
         Total |  10477 |   9563 |    914 |    729 |   7087 |  11 |  952.5 |
       Dungeon |   7618 |   6843 |    775 |    526 |   4970 |   8 |  952.2 |
        Temple |     82 |     74 |      8 |      0 |     59 |   1 |   82.0 |
          Lair |   2776 |   2645 |    131 |    203 |   2058 |   2 | 1388.0 |
               +--------+--------+--------+--------+--------+-----+--------+

Top non-repeatable levels by time:
     D:4: 1464 daAuts
  Lair:2: 1400 daAuts
  Lair:1: 1375 daAuts
     D:3: 966 daAuts
     D:6: 959 daAuts
     D:5: 951 daAuts
     D:8: 881 daAuts
     D:7: 813 daAuts
     D:1: 791 daAuts
     D:2: 791 daAuts
  Temple: 82 daAuts
